 Dungeon Crawl Stone Soup version 0.14-a0-1653-g0ad7a2c (webtiles) character file.

442 HollowCharge the Cudgeler (level 6, -1/66 HPs)
             Began as an Ogre Gladiator on Dec 27, 2013.
             Slain by a centaur (9 damage)
             ... on Level 5 of the Dungeon.
             The game lasted 00:20:43 (3727 turns).

HollowCharge the Cudgeler (Ogre Gladiator)          Turns: 3727, Time: 00:20:44

HP  -1/66        AC  3     Str 23      XL: 6   Next: 16%
MP   6/6         EV 11     Int  7      God:
Gold 186         SH  0     Dex 10      Spells:  0 memorised,  5 levels left

rFire  . . .     SeeInvis .     D - +2,+0 elf whip
rCold  + . .     Clarity  .     j - +0 robe
rNeg   . . .     Conserve .     (shield restricted)
rPois  .         rCorr    .     c - +0 cap
rElec  .         rRot     .     (no cloak)
SustAb . .       Spirit   .     (gloves unavailable)
rMut   .         Warding  .     (boots unavailable)
Saprov + . .     Stasis   .     C - amulet of faith {unknown}
                                q - ring of sustenance
                                n - ring of protection from cold

@: slightly resistant to hostile enchantments, unstealthy
A: unfitting armour, fast metabolism 1, saprovore 1, tough skin 1
a: no special abilities


You were on level 5 of the Dungeon.
You were hungry.

You visited 1 branch of the dungeon, and saw 5 of its levels.

You collected 186 gold pieces.

Inventory:

Hand weapons
 b - a +0,+0 giant club
 y - a +0,+1 orcish flail
 D - a +2,+0 elven whip (weapon)
Armour
 c - a +0 cap (worn)
 j - a +0 robe (worn)
Comestibles
 f - 4 meat rations
 i - a banana
 l - a chunk of goblin flesh
 p - 4 bread rations
Scrolls
 e - 2 scrolls of amnesia
 g - a scroll of recharging {unknown}
 h - a scroll of magic mapping
 k - 3 scrolls of teleportation
 r - 2 scrolls of remove curse
 s - a scroll of curse armour {unknown}
 u - a scroll of fog
 w - a scroll of enchant weapon I {unknown}
Jewellery
 a - an uncursed ring of protection from cold
 n - a ring of protection from cold (left hand)
 q - a ring of sustenance (right hand)
 C - an amulet of faith (around neck) {unknown}
Potions
 d - a potion of heal wounds {unknown}
 m - 2 potions of resistance
 o - a potion of agility
 t - a potion of magic
 v - 2 potions of restore abilities


   Skills:
 + Level 5.6 Fighting
 + Level 5.9 Maces & Flails
 - Level 2.1 Throwing
 + Level 3.9 Dodging


You had 5 spell levels left.
You didn't know any spells.

Dungeon Overview and Level Annotations

Branches:
Dungeon (5/16)
 Temple: D:4-7

Altars:
Ashenzari
Okawaru

Annotations:
D:3 Grinder


Innate Abilities, Weirdness & Mutations

You are too large for most types of armour.
You have a fast metabolism.
You can tolerate rotten meat.
You have tough skin (AC +1).


Message History

The centaur shouts!
The centaur wields a glowing bow.
It bursts into flame!
The centaur shoots an arrow of flame.
The arrow of flame hits you!
You see here an arrow.
The centaur shoots an arrow of flame.
The arrow of flame misses you.
You see here an arrow.
The centaur unwields an uncursed bow of flame.
The centaur hits you!
You hit the centaur.
The centaur is lightly wounded.
The centaur hits you.
* * * LOW HITPOINT WARNING * * *
You barely miss the centaur.
The centaur is lightly wounded.
The centaur hits you!
* * * LOW HITPOINT WARNING * * *
You hit the centaur.
The centaur is moderately wounded.
The centaur hits you!
You die...

##.##....##....#
.#.#.....##...##
.#.#[..########
...#....# ...##...#
...##...# ...##...#
#.......############
..............((@c.#
#.......##########.#
######### #....#
#....# #....###
##.....# #.....#
###...# #...#


You could see a centaur.

Vanquished Creatures
  An ogre (D:5)
  A worker ant (D:5)
  Ijyb (D:4)
  4 adders
  3 worms
  A giant eyeball (D:5)
  4 giant geckos
  An ooze (D:3)
  3 orcs (D:3)
  4 giant cockroaches
  9 goblins
  9 hobgoblins
  4 jackals (D:3)
  3 ball pythons
  3 bats
  4 giant newts
  10 kobolds
  7 rats
  A rat skeleton (D:5)
  A rat zombie (D:5)
  A plant (D:2)
75 creatures vanquished.

Notes
Turn   | Place    | Note
--------------------------------------------------------------
     0 | D:1      | HollowCharge, the Ogre Gladiator, began the quest for the Orb.
     0 | D:1      | Reached XP level 1. HP: 22/22 MP: 1/1
   131 | D:1      | Reached XP level 2. HP: 18/31 MP: 2/2
   697 | D:1      | Reached XP level 3. HP: 37/37 MP: 3/3
   911 | D:2      | Found an iron altar of Okawaru.
  1579 | D:2      | Reached XP level 4. HP: 48/48 MP: 4/4
  1834 | D:3      | Noticed Grinder
  1979 | D:3      | Paralysed by Grinder for 3 turns
  2094 | D:3      | Reached skill level 5 in Maces & Flails
  2486 | D:3      | Reached XP level 5. HP: 51/55 MP: 5/5
  2675 | D:3      | Found a shattered altar of Ashenzari.
  2843 | D:4      | Noticed Ijyb
  2877 | D:4      | Killed Ijyb
  2956 | D:4      | Noticed a phantom
  3037 | D:5      | Entered Level 5 of the Dungeon
  3394 | D:5      | Noticed an ogre
  3422 | D:5      | Killed an ogre
  3422 | D:5      | Reached skill level 5 in Fighting
  3422 | D:5      | Reached XP level 6. HP: 33/66 MP: 6/6
  3722 | D:5      | Noticed a centaur
  3727 | D:5      | Slain by a centaur

Action                   |  1- 3 |  4- 6 || total
-------------------------+-------+-------++-------
Melee: Mace              |   147 |   100 ||   247
       Whip              |       |   120 ||   120
       Flail             |       |     6 ||     6
Throw: Throwing net      |     4 |     9 ||    13
  Use: Scroll            |       |    13 ||    13
       Potion            |       |     5 ||     5
 Stab: Held in net/web   |     3 |       ||     3
       Sleeping          |       |     1 ||     1
